 Dungeon Crawl Stone Soup version 0.31-a0-640-g39d97e502b (webtiles) character file.

Game seed: 15339024750013487938

53 qw the Shooter (level 3, -3/23 HPs)
             Began as a Gargoyle Hunter on Aug 27, 2023.
             Slain by a worm (7 damage)
             ... on level 2 of the Dungeon.
             The game lasted 00:00:19 (1004 turns).

qw the Shooter (Gargoyle Hunter)                    Turns: 1004, Time: 00:00:19

Health: -3/23      AC:  7    Str: 14    XL:     3   Next: 87%
Magic:  3/3        EV: 11    Int:  9    God:
Gold:   22         SH:  0    Dex: 15    Spells: 2/2 levels left

rFire   . . .        Y - +1 shortbow
rCold   . . .        (shield currently unavailable)
rNeg    + . .        c - +0 leather armour
rPois   inf          (no helmet)
rElec   +            h - +0 cloak
rCorr   .            (no gloves)
SInv    .            (no boots)
Will    .....        (no amulet)
Stlth   ++           (no ring)
HPRegen 0.23/turn    (no ring)
MPRegen 0.08/turn

%: no passive effects
@: no status effects
A: sickness immunity, AC +3, negative energy resistance 1, electricity
resistance, torment resistance 1, petrification resistance
a: no special abilities


You were on level 2 of the Dungeon.
You visited 1 branch of the dungeon, and saw 2 of its levels.

You collected 22 gold pieces.


Innate Abilities, Weirdness & Mutations

You are immune to sickness and miasma.
Your stone body is resilient. (AC +3)
You are immune to poison.
You resist negative energy. (rN+)
You are resistant to electric shocks. (rElec)
You are resistant to unholy torment.
You are immune to petrification.


   Skills:
 - Level 3.1 Fighting
 + Level 5.0 Ranged Weapons
 - Level 1.5 Dodging
 - Level 1.1 Stealth


You had 2 spell levels left.
You didn't know any spells.
Your spell library was empty.

Inventory:

Hand Weapons
 Y - a +1 shortbow (weapon)
Armour
 c - a +0 leather armour (worn)
 h - a +0 cloak (worn)
Potions
 d - a potion of ambrosia {unknown}
 e - a potion of haste {unknown}
 g - a potion of degeneration {unknown}

Dungeon Overview and Level Annotations

Branches:
Dungeon (2/15)

Altars:


Message History

You shoot an arrow. The arrow hits Terence.
Terence is severely wounded.
Terence hits you with a +0 flail.
You shoot an arrow. The arrow closely misses Terence.
Terence closely misses you. The worm closely misses you.
You shoot an arrow. The arrow hits Terence!
You kill Terence!
Your Fighting skill increases to level 3!
You shoot an arrow. The arrow barely misses the worm.
The arrow hits the worm.
The worm is lightly wounded.
The worm barely misses you.
You shoot an arrow. The arrow hits the worm.
The worm is lightly wounded.
The worm barely misses you.
You shoot an arrow. The arrow hits the worm.
The worm is lightly wounded.
You shoot an arrow. The arrow hits the worm.
The worm is moderately wounded.
The worm bites you.
You shoot an arrow. The arrow hits the worm.
The worm is heavily wounded.
The worm completely misses you.
You shoot an arrow. The arrow barely misses the worm.
The worm bites you. x2
You shoot an arrow. The arrow hits the worm.
The worm is heavily wounded.
You shoot an arrow. The arrow hits the worm.
The worm is almost dead.
The worm closely misses you. The worm bites you but does no damage.
You shoot an arrow. The arrow hits the worm.
The worm is almost dead.
The worm bites you. x2
You shoot an arrow. The arrow completely misses the worm.
The worm bites you but does no damage.
You shoot an arrow. The arrow barely misses the worm.
The worm bites you.
You shoot an arrow. The arrow hits the worm!
You kill the worm!
The worm bites you!
You die...

...... ......
......# .......
.......#######
.............
......%w..####
......)@..%..####
......###%%<....#
..$.. #.#####.#
.... #%. ... #.%.
.. ..... . ......
........
.........


You could see a worm.

Vanquished Creatures
  Terence (D:2)
  A worm (D:2)
  2 ball pythons (D:1)
  4 endoplasms (D:1)
  A goblin (D:1)
  3 hobgoblins (D:1)
  4 jackals (D:2)
  2 quokkas (D:1)
  3 bats
  2 kobolds (D:1)
  2 rats (D:1)
25 creatures vanquished.

Notes
Turn   | Place    | Note
-------+----------+-------------------------------------------
     0 | D:1      | qw the Gargoyle Hunter began the quest for the Orb.
     0 | D:1      | Reached XP level 1. HP: 12/12 MP: 1/1
     0 | D:1      | 0 ||| qw: Version: 0.3-a-74-g0d5e918
     0 | D:1      | 0 ||| qw: Game counter: 115
     0 | D:1      | 0 ||| qw: Melee chars always use a shield: true
     0 | D:1      | 0 ||| qw: God list: Okawaru
     0 | D:1      | 0 ||| qw: Allow faded altars: false
     0 | D:1      | 0 ||| qw: Do Orc after clearing Dungeon:15 true
     0 | D:1      | 0 ||| qw: Do second Lair branch before Depths: true
     0 | D:1      | 0 ||| qw: Lair rune preference: random
     0 | D:1      | 0 ||| qw: Goals: Normal
     0 | D:1      | 0 ||| PLANNING D:1-11
   116 | D:1      | Reached XP level 2. HP: 17/17 MP: 2/2
   911 | D:1      | 911 ||| UPGRADING to +0 cloak.
   916 | D:1      | 916 ||| READING scroll labelled OLOAXY UNAXZIQ.
   917 | D:1      | 917 ||| DROPPING scroll of butterflies.
   959 | D:2      | Reached XP level 3. HP: 16/21 MP: 3/3
   966 | D:2      | Reached skill level 5 in Ranged Weapons
   982 | D:2      | Noticed Terence
   992 | D:2      | Killed Terence
   993 | D:2      | Reached skill level 3 in Fighting
  1003 | D:2      | HP: 3/23 [worm (3)]
  1004 | D:2      | Slain by a worm

Levels and vault maps discovered:
D:1:      psy_arrival_dodecagon, layout_basic
D:2:      layout_basic, basic_altar, kennysheep_doodads, uniq_terence

Skill      XL: |  1  2  3 |
---------------+----------+-----
Ranged Weapons | 5 |  5.0
Fighting       | 3 |  3.1
Dodging        | |  1.5
Stealth        | |  1.1

Action                     || total
---------------------------++-------
   Fire: Shortbow          ||    88
    Use: Scroll            ||     1
 Armour: Leather armour    ||    22
  Dodge: Dodged            ||    29

Table legend:
 A = Non-vault XP
 B = Vault XP
 C = Vault XP percentage of total XP
 D = Non-vault monster count
 E = Vault monster count
 F = Vault count percentage of total count
                 A         B        C        D         E       F
            +---------+---------+-------+---------+---------+-------
      Total |      45 |      36 |  44.4 |      24 |       1 |   4.0
            +---------+---------+-------+---------+---------+-------
        D:1 |      31 |       0 |   0.0 |      18 |       0 |   0.0
        D:2 |      14 |      36 |  72.0 |       6 |       1 |  14.3
            +---------+---------+-------+---------+---------+-------
